 Dungeon Crawl Stone Soup version 0.27.1-33-g824d729ab1 (webtiles) character file.

Game seed: 12860474727748652891

1048 MisterFreud the Fighter (level 8, -3/74 HPs)
             Began as a Minotaur Abyssal Knight on Dec 13, 2021.
             Was a Priest of Lugonu.
             Slain by a troll (7 damage)
             ... on level 5 of the Dungeon.
             The game lasted 00:06:30 (4009 turns).

MisterFreud the Fighter (Minotaur Abyssal Knight)   Turns: 4009, Time: 00:06:30

Health: -3/74      AC: 12    Str: 18    XL:     8   Next: 5%
Magic:  11/11      EV:  7    Int:  9    God:    Lugonu [***...]
Gold:   211        SH:  0    Dex: 11    Spells: 7/7 levels left

rFire    . . .     SeeInvis .   d - +2 short sword (venom)
rCold    . . .     Faith    .   (no shield)
rNeg     . . .     Spirit   .   k - +0 chain mail
rPois    .         Reflect  .   (helmet restricted)
rElec    .         Harm     .   l - +1 cloak
rCorr    .         Rampage  .   (no gloves)
Will     .....                  (no boots)
Stlth    ..........             (no amulet)
HPRegen  0.22/turn              (no ring)
MPRegen  0.12/turn              (no ring)

@: no status effects
A: horns 2, retaliatory headbutt
a: Renounce Religion, Depart the Abyss, Bend Space, Banish


You were on level 5 of the Dungeon.
You worshipped Lugonu.
Lugonu was most pleased with you.
You visited 1 branch of the dungeon, and saw 5 of its levels.
You visited the Abyss 1 time.
You also visited: Sewer.

You collected 211 gold pieces.

Inventory:

Hand Weapons
 a - a +1 spear
 d - a +2 short sword of venom (weapon)
 m - a +0 morningstar
 w - a +1 hand axe of venom
Missiles
 i - 4 curare-tipped darts
 n - 72 poisoned darts
Armour
 b - a +0 leather armour
 k - a +0 chain mail (worn)
 l - a +1 cloak (worn)
Jewellery
 v - a ring of wizardry
Wands
 f - a wand of flame (17)
Scrolls
 c - a scroll of torment
 e - a scroll of fear
 g - a scroll of teleportation
 j - a scroll of holy word
 o - a scroll of blinking
 q - a scroll of immolation
 r - a scroll of identify
 u - a scroll of magic mapping {unknown}
Potions
 h - 4 potions of flight
 p - 2 potions of attraction
 s - a potion of heal wounds
 t - 2 potions of curing


   Skills:
 - Level 8.0 Fighting
 + Level 0.0(1.3) Axes
 - Level 2.4 Polearms
 - Level 6.0 Armour
 - Level 1.1 Dodging
 + Level 5.8 Invocations


You had 7 spell levels left.
You didn't know any spells.
Your spell library contained the following spells:

 Spells                   Type           Power      Damage    Failure   Level
 Animate Skeleton         Necr           0%         N/A       99%         1
 Pain                     Necr           0%         1d4       99%         1
 Corpse Rot               Necr/Air       N/A        N/A       100%        2
 Vampiric Draining        Necr           0%         2d6       100%        3
 Dispel Undead            Necr           0%         3d6       100%        4
 Death Channel            Necr           0%         N/A       100%        6


Dungeon Overview and Level Annotations

Branches:
Dungeon (5/15)              Sewer (visited)
 Temple: D:4-7

Altars:
Fedhas
Hepliaklqana


Innate Abilities, Weirdness & Mutations

You have a pair of horns on your head.
You reflexively headbutt those who attack you in melee.


Message History

You puncture the orc!
You kill the orc!
Lugonu accepts your kill. The orc hits you but does no damage.
The troll bites you but does no damage. The troll claws you.
The troll claws you! The orc hits you with a +0 short sword.
The iguana hisses menacingly.
The orc hits you but does no damage.
You see here a +0 flail.
The orc closely misses you. The orc hits you but does no damage.
The orc closely misses you.
You hit the troll.
The troll is poisoned.
The troll is lightly wounded.
The troll bites you but does no damage. The troll claws you but does no damage.
The troll closely misses you.
You barely miss the troll. Your headbutt misses the troll.
The troll is lightly wounded.
The troll closely misses you. You furiously retaliate!
You headbutt the troll! The troll claws you.
The troll claws you but does no damage.
You closely miss the troll.
The troll is moderately wounded.
The troll bites you. The troll barely misses you. The troll claws you.
You barely miss the troll. You headbutt the troll.
The troll is moderately wounded.
The troll bites you! The troll barely misses you. The troll claws you!
You hit the troll. You headbutt the troll.
The troll is heavily wounded.
The troll bites you!
* * * LOW HITPOINT WARNING * * *
The troll claws you but does no damage. The troll barely misses you.
You barely miss the troll. Your headbutt misses the troll.
The troll is heavily wounded.
The troll bites you!
* * * LOW HITPOINT WARNING * * *
The troll claws you but does no damage. The troll barely misses you.
You hear the slow hiss of an avalanche of sand very nearby.
Okay, then.
The iguana hisses menacingly.
The troll bites you!
You die...

#...............
#.....#........#
#.#..##.....#### ####
###..##.....# #..#
#........###.. ##..#
##..#....###..
....##########..+.......
.....)......##.##.......
......o.........@.......
##...####.####lT....[...
#...# #.#..o..#####...
#...# #.#.#...# # #...#
#...o...#
########.###...##
#..............
#<#.##..#...#####
........#..... #


You could see a troll (poisoned), an iguana and 2 orcs.

Vanquished Creatures
  Grinder (D:3)
  The ghost of Syndras1 the Shield-Bearer, an amateur GnFi (D:3)
  2 necrophages
  A phantom (D:4)
  2 kobold brigands
  A howler monkey (D:4)
  A hound (D:4)
  A centaur skeleton (D:4)
  Jessica (D:3)
  An iguana (D:4)
  3 orc wizards
  Robin (D:3)
  An adder (D:2)
  A river rat (Sewer)
  2 adder skeletons (D:4)
  4 worms
  3 dart slugs
  11 orcs
  2 endoplasms (D:1)
  2 giant cockroaches
  16 goblins
  11 hobgoblins
  A jackal (Sewer)
  3 quokkas
  9 ball pythons
  6 bats
  10 frilled lizards (D:1)
  19 kobolds
  8 rats
125 creatures vanquished.

Vanquished Creatures (others)
  4 plants (D:1)
4 creatures vanquished.

Grand Total: 129 creatures vanquished

Notes
Turn   | Place    | Note
-------+----------+-------------------------------------------
     0 | Abyss:1  | MisterFreud the Minotaur Abyssal Knight began the quest for
                  | the Orb.
     0 | Abyss:1  | Reached XP level 1. HP: 19/19 MP: 1/1
    55 | Abyss:1  | Noticed a small abomination
    56 | D:1      | Escaped the Abyss
   101 | D:1      | Reached * piety under Lugonu
   103 | D:1      | Reached skill level 4 in Fighting
   167 | D:1      | Reached XP level 2. HP: 23/28 MP: 2/2
   551 | D:1      | Reached skill level 5 in Fighting
   561 | D:1      | Reached XP level 3. HP: 24/36 MP: 3/3
   908 | D:1      | Found a faded altar of an unknown god.
  1356 | D:2      | Found a hazy altar of Hepliaklqana.
  1696 | D:3      | Reached skill level 6 in Fighting
  1696 | D:3      | Reached XP level 4. HP: 43/44 MP: 4/4
  1701 | D:3      | Reached ** piety under Lugonu
  1729 | D:3      | Reached XP level 5. HP: 31/51 MP: 5/5
  1872 | D:3      | Noticed a necrophage
  1883 | D:3      | Killed a necrophage
  1944 | D:3      | Noticed Jessica
  1955 | D:3      | Killed Jessica
  1956 | D:3      | Reached skill level 7 in Fighting
  1965 | D:3      | Reached XP level 6. HP: 27/60 MP: 6/6
  2172 | D:3      | Noticed Syndras1's ghost (amateur GnFi)
  2173 | D:3      | Found a runed translucent gate.
  2173 | D:3      | Found a runed translucent gate.
  2173 | D:3      | Found a runed translucent gate.
  2260 | D:3      | Noticed Grinder
  2269 | D:3      | Killed Grinder
  2270 | D:3      | Reached skill level 5 in Armour
  2474 | D:3      | Noticed Robin
  2503 | D:3      | Killed Robin
  2621 | D:3      | Found a blossoming altar of Fedhas.
  2882 | D:3      | Killed Syndras1's ghost
  2883 | D:3      | Reached skill level 8 in Fighting
  2883 | D:3      | Reached XP level 7. HP: 46/68 MP: 7/7
  3159 | D:4      | Reached *** piety under Lugonu
  3334 | D:4      | Found a glowing drain.
  3351 | D:4      | Reached skill level 5 in Invocations
  3361 | Sewer    | Entered a sewer
  3499 | Sewer    | Reached XP level 8. HP: 68/74 MP: 11/11
  3514 | Sewer    | Found a glowing silver altar of Zin.
  3954 | D:5      | Entered Level 5 of the Dungeon
  3983 | D:5      | Noticed a troll
  4001 | D:5      | HP: 3/74 [troll (7)]
  4009 | D:5      | Slain by a troll

Illustrated notes

Levels and vault maps discovered:
D:1:      lightli_arrival_boilingwater, layout_loops_ring,
          chequers_ecumenical_altar_island, minivault_25, minmay_lizard_king
D:2:      layout_basic, basic_altar
D:3:      layout_basic, mainiacjoe_overflow_paths,
          gammafunk_ghost_nasty_kobolds, uniq_grinder, uniq_robin, uniq_jessica
D:4:      layout_rooms, cheibrodos_sewer_entry_bend
D:5:      layout_basic, nicolae_overflow_quartered_altars,
          nicolae_ossuary_entry_catacombs, minmay_manual_monstrance

Skill      XL: |  1  2  3  4  5  6  7 |
---------------+----------------------+-----
Fighting       | 4 5 6 7 8 |  8.0
Armour         | 3 4 6 |  6.0
Invocations    | 2 5 |  5.8
Polearms       | |  2.4
Dodging        | |  1.1

Action                   |  1- 3 |  4- 6 |  7- 9 || total
-------------------------+-------+-------+-------++-------
Melee: Spear             |    22 |       |       ||    22
       Headbutt          |    11 |    13 |    29 ||    53
       Short sword       |    63 |    91 |   116 ||   270
       Morningstar       |       |     5 |       ||     5
Invok: Depart the Abyss  |     1 |       |       ||     1
  Use: Potion            |       |     5 |       ||     5
       Scroll            |       |       |     7 ||     7
Armor: Leather armour    |    17 |       |       ||    17
       Chain mail        |     4 |    72 |    67 ||   143
Dodge: Dodged            |    35 |    48 |    48 ||   131
